 Dungeon Crawl Stone Soup version 0.21.1-1-g345015f (webtiles) character file.

129 Lapis the Digger (level 5, -1/42 HPs)
             Began as a Naga Earth Elementalist on Feb 12, 2018.
             Slain by a wyvern zombie (14 damage)
             ... on level 4 of the Dungeon.
             The game lasted 00:05:08 (4255 turns).

Lapis the Digger (Naga Earth Elementalist)          Turns: 4255, Time: 00:05:09

Health: -1/42      AC:  2    Str: 10    XL:     5   Next: 12%
Magic:  8/9        EV: 10    Int: 16    God:
Gold:   167        SH:  0    Dex: 12    Spells: 0/10 levels left

rFire    . . .     SeeInvis +   n - +0 whip (freeze)
rCold    . . .     Gourm    .   (no shield)
rNeg     . . .     Faith    .   c - +0 robe
rPois    +         Spirit   .   (no helmet)
rElec    .         Reflect  .   (no cloak)
rCorr    .         Harm     .   (no gloves)
MR       .....                  (no barding)
Stlth    ++........             (no amulet)
HPRegen  0.14/turn              (no ring)
MPRegen  0.11/turn              (no ring)

@: very slow
A: large, see invisible, deformed body, poison resistance, slowness 2, slow
metabolism 1, spit poison 1, AC +1
a: Spit Poison


You were on level 4 of the Dungeon.
You were not hungry.

You visited 1 branch of the dungeon, and saw 4 of its levels.

You collected 167 gold pieces.

Inventory:

Hand Weapons
 j - a +0 flail
 n - a +0 whip of freezing (weapon)
Missiles
 b - 66 stones (quivered)
 h - 2 throwing nets
Armour
 c - a +0 robe (worn)
 t - a +0 buckler
Scrolls
 g - a scroll of enchant armour {unknown}
 k - 2 scrolls of random uselessness {unknown}
 q - 4 scrolls of identify {unknown}
 r - 2 scrolls of remove curse {unknown}
 s - a scroll of fog {unknown}
Potions
 a - 3 potions of curing {unknown}
 f - a potion of berserk rage {unknown}
 i - a potion of lignification {unknown}
 m - 3 potions of flight {unknown}
 p - a potion of heal wounds {unknown}
Books
 e - a book of Geomancy

   Spells                             Type                      Level
   a - Sandblast                      Earth                        1
   b - Passwall                       Transmutation/Earth          2
   c - Stone Arrow                    Conjuration/Earth            3
   d - Petrify                        Transmutation/Earth          4
   e - Lee's Rapid Deconstruction     Earth                        5
 l - a book of Cantrips

   Spells                             Type                      Level
   a - Confusing Touch                Hexes                        1
   b - Animate Skeleton               Necromancy                   1
   c - Summon Small Mammal            Summoning                    1
   d - Apportation                    Translocation                1
Comestibles
 d - 5 rations
 o - 4 chunks of flesh


   Skills:
 - Level 1.5 Dodging
 - Level 3.0 Stealth
 + Level 0.6 Shields
 - Level 3.1 Spellcasting
 - Level 1.2 Conjurations
 - Level 1.0 Transmutations
 - Level 4.5 Earth Magic


You couldn't memorise any spells.
You knew the following spells:

 Your Spells              Type           Power        Failure   Level  Hunger
a - Sandblast             Erth           ###...       3%          1    #......
b - Passwall              Tmut/Erth      ##........   9%          2    ##.....
c - Stone Arrow           Conj/Erth      ##....       17%         3    ###....
d - Petrify               Tmut/Erth      ##......     52%         4    #####..


Dungeon Overview and Level Annotations

Branches:
Dungeon (4/15)
 Temple: D:4-7

Altars:


Innate Abilities, Weirdness & Mutations

You cannot wear boots.
Your serpentine skin is tough. (AC +1)
You have supernaturally acute eyesight. (SInv)
Armour fits poorly on your strangely shaped body.
Your system is resistant to poisons. (rPois)
You cover ground very slowly.
You have a slow metabolism.
You can spit poison.


Message History

You are too injured to fight recklessly!
You are too injured to fight recklessly!
You are too injured to fight recklessly!
You are too injured to fight recklessly!
You are too injured to fight recklessly!
You are too injured to fight recklessly!
You are too injured to fight recklessly!
You are too injured to fight recklessly!
You are too injured to fight recklessly!
You are too injured to fight recklessly!
Casting: Sandblast
Confirm with . or Enter, or press ? or * to list all spells.
Aiming: Sandblast
Press: ? - help, Shift-Dir - straight line, f - wyvern zombie
Aim: a wyvern zombie The blast of sand hits the wyvern zombie.
The wyvern zombie is moderately damaged.
b - 66 stones The wyvern zombie bites you!
You die...

+.... #.#.........#
#..#####.#.........#
#.......#.........#
#..########.#########
#...................#
#..........<#######.#
#...#######.# #.#
#............ #.#
#....@.####.# #.#
........Z.# #.## #.#
####..?...#
#.##.####.# #.......
.......<#.# #......##
#.##......# #......#
######## #......#
#.####..


You could see a wyvern zombie.

Vanquished Creatures
  A howler monkey (D:2)
  3 adders
  An ooze (D:2)
  3 worms
  A dart slug (D:3)
  A leopard gecko (D:1)
  6 orcs (D:3)
  2 ball pythons (D:3)
  6 bats
  6 goblins
  4 hobgoblins
  3 frilled lizards
  6 kobolds
  7 rats
50 creatures vanquished.

Notes
Turn   | Place    | Note
-------+----------+-------------------------------------------
     0 | D:1      | Lapis the Naga Earth Elementalist began the quest for the Orb.
     0 | D:1      | Reached XP level 1. HP: 15/15 MP: 3/3
   649 | D:1      | Reached XP level 2. HP: 22/22 MP: 3/5
  1255 | D:1      | Learned a level 2 spell: Passwall
  1461 | D:2      | Reached XP level 3. HP: 28/28 MP: 2/6
  1466 | D:2      | Learned a level 3 spell: Stone Arrow
  2119 | D:2      | Found a faded altar of an unknown god.
  2127 | D:2      | Reached skill level 1 in Conjurations
  2127 | D:2      | Reached skill level 4 in Earth Magic
  2127 | D:2      | Reached XP level 4. HP: 14/36 MP: 3/8
  3567 | D:3      | Reached XP level 5. HP: 29/42 MP: 9/9
  3659 | D:3      | Learned a level 4 spell: Petrify
  4255 | D:4      | Slain by a wyvern zombie

Skill      XL: |  1  2  3  4 |
---------------+-------------+-----
Conjurations   | 1 |  1.2
Earth Magic    | 4 |  4.5
Spellcasting   | 3 |  3.1
Dodging        | |  1.5
Stealth        | |  3.0
Shields        | |  0.6
Transmutations | |  1.0

Action                   |  1- 3 |  4- 6 || total
-------------------------+-------+-------++-------
Melee: Unarmed           |    36 |       ||    36
       Flail             |    17 |       ||    17
       Whip              |     2 |    78 ||    80
 Cast: Sandblast         |    21 |    15 ||    36
 Abil: Spit Poison       |     3 |       ||     3
 Stab: Sleeping          |     4 |     3 ||     7
  Eat: Chunk             |     2 |     6 ||     8
Armor: Plate armour      |    11 |       ||    11
       Robe              |     3 |    25 ||    28
Dodge: Dodged            |    20 |    43 ||    63
